[Event "48th Indian U15-ch Girls 2023"]
[Site "Jalgaon"]
[Date "2023.12.31"]
[Round "7.5"]
[White "Kirthika B"]
[Black "Arshiya Das"]
[Result "1/2-1/2"]
[ECO "B06"]
[WhiteElo "1605"]
[BlackElo "1729"]
[Annotator "NA RC"]
[PlyCount "54"]
[EventDate "2023.12.30"]
[EventType "swiss"]
[EventCountry "IND"]
[SourceTitle "playchess.com"]
[Source "ChessBase"]
[SourceQuality "1"]
[TimeControl "5400+30"]

1. e4 g6 2. d4 Bg7 3. Nf3 d6 4. c3 a6 5. Bd3 Nf6 6. O-O O-O 7. h3 Re8 8. Be3 e5 9. Nbd2 Nbd7 10. Re1 Nf8 11. a4 h6 12. Qc2 g5 13. c4 Ng6 14. dxe5 dxe5 15. c5 Nh5 16. Bc4 Nhf4 17. Bxf4 Nxf4 18. Nf1 Qf6 19. N3h2 Bf8 20. b4 a5 21. Ne3 c6 22. Nhg4 Bxg4 23. Nxg4 Qe7 24. Ne3 Qf6 25. Ng4 Qe7 26. Ne3 Qf6 27. Ng4 Qe7 1/2-1/2

[Event "48th Indian U15-ch Girls 2023"]
[Site "Jalgaon"]
[Date "2023.12.31"]
[Round "7.6"]
[White "Sneha Halder"]
[Black "Ananya Raman"]
[Result "1-0"]
[ECO "A03"]
[WhiteElo "1766"]
[BlackElo "1505"]
[Annotator "NA RC"]
[PlyCount "107"]
[EventDate "2023.12.30"]
[EventType "swiss"]
[EventCountry "IND"]
[SourceTitle "playchess.com"]
[Source "ChessBase"]
[SourceQuality "1"]
[TimeControl "5400+30"]

1. f4 d5 2. Nf3 Nf6 3. g3 c5 4. Bg2 Nc6 5. O-O e6 6. b3 Be7 7. Bb2 O-O 8. e3 b5 9. h3 Bb7 10. d3 c4 11. Ne5 cxd3 12. Qxd3 a6 13. Nxc6 Bxc6 14. Nd2 Rc8 15. g4 Nd7 16. g5 Qb6 17. a3 a5 18. Nf3 b4 19. a4 Bb7 20. Rfe1 Ba6 21. Qd2 Rc7 22. h4 Rfc8 23. Rac1 Bf8 24. h5 f5 25. gxf6 Nxf6 26. Nd4 Re8 27. f5 exf5 28. Nxf5 Nxh5 29. Qxd5+ Kh8 30. Nh4 Nf4 31. Qg5 Rxe3 32. Kh2 Nxg2 33. Nxg2 Bd6+ 34. Nf4 Rf7 35. Be5 Rxe5 36. Rxe5 Bxe5 37. Qxe5 Qh6+ 38. Kg3 Rf8 39. Rd1 Qb6 40. Qe7 Rc8 41. Rd7 Qg1+ 42. Ng2 Rc3+ 43. Rd3 Rxd3+ 44. cxd3 h6 45. Qe8+ Kh7 46. Qe4+ Kh8 47. Qa8+ Kh7 48. Qxa6 Qd4 49. Qc4 Qd6+ 50. Kf3 g5 51. Qe4+ Kg7 52. Ne3 Qf6+ 53. Kg4 Qb6 54. Nf5+ 1-0

[Event "48th Indian U15-ch Girls 2023"]
[Site "Jalgaon"]
[Date "2023.12.31"]
[Round "7.7"]
[White "Sherali Pattnaik"]
[Black "Arya G Mallar"]
[Result "1-0"]
[ECO "C06"]
[WhiteElo "1575"]
[BlackElo "1460"]
[Annotator "NA RC"]
[PlyCount "127"]
[EventDate "2023.12.30"]
[EventType "swiss"]
[EventCountry "IND"]
[SourceTitle "playchess.com"]
[Source "ChessBase"]
[SourceQuality "1"]
[TimeControl "5400+30"]

1. e4 e6 2. d4 d5 3. Nd2 Nf6 4. e5 Nfd7 5. Bd3 c5 6. c3 Nc6 7. Ne2 cxd4 8. cxd4 f6 9. exf6 Nxf6 10. O-O Bd6 11. Nf3 Qc7 12. Re1 O-O 13. Nc3 a6 14. Bc2 g6 15. Bh6 Re8 16. Bg5 Rf8 17. Bh6 Re8 18. h3 Bd7 19. Qd2 Nh5 20. Rac1 Bf4 21. Bxf4 Qxf4 22. Qxf4 Nxf4 23. Na4 Nb4 24. Nb6 Rad8 25. Ne5 Bb5 26. a3 Nbd3 27. Bxd3 Bxd3 28. Rc7 Rf8 29. Re3 Bb5 30. a4 Ne2+ 31. Kh2 Nxd4 32. axb5 Rxf2 33. Rxb7 Nxb5 34. Nc6 Rdf8 35. Rxe6 Rxb2 36. Ree7 Rff2 37. Re8+ Rf8 38. Rxf8+ Kxf8 39. Nxd5 Rd2 40. Ndb4 a5 41. Rxb5 axb4 42. Rxb4 Rd7 43. Rb8+ Kg7 44. Kg3 h5 45. Ne5 Re7 46. Kf4 g5+ 47. Kf5 g4 48. hxg4 hxg4 49. Nxg4 Re2 50. Rb7+ Kf8 51. g3 Rg2 52. Kf4 Ra2 53. Nf6 Rf2+ 54. Kg5 Rh2 55. Nh5 Ra2 56. Rb6 Ra7 57. g4 Rc7 58. Kh6 Rc8 59. g5 Kg8 60. g6 Rf8 61. g7 Rf6+ 62. Nxf6+ Kf7 63. g8=Q+ Ke7 64. Qe8# 1-0

[Event "48th Indian U15-ch Girls 2023"]
[Site "Jalgaon"]
[Date "2023.12.31"]
[Round "7.8"]
[White "Akshaya Sathi"]
[Black "Hanya Shah"]
[Result "1-0"]
[ECO "B01"]
[WhiteElo "1542"]
[BlackElo "1429"]
[Annotator "NA RC"]
[PlyCount "125"]
[EventDate "2023.12.30"]
[EventType "swiss"]
[EventCountry "IND"]
[SourceTitle "playchess.com"]
[Source "ChessBase"]
[SourceQuality "1"]
[TimeControl "5400+30"]

1. e4 Nf6 2. e5 Nd5 3. d4 d6 4. Nf3 dxe5 5. Nxe5 g6 6. Bc4 c6 7. O-O Bg7 8. Re1 O-O 9. c3 Nd7 10. Nf3 N7b6 11. Bb3 Bg4 12. Nbd2 a5 13. a4 Qc7 14. h3 Bxf3 15. Nxf3 Rad8 16. Qc2 c5 17. dxc5 Qxc5 18. Bg5 Rfe8 19. Rad1 Rc8 20. Qe4 e6 21. Qh4 Qf8 22. Nh2 h6 23. Bc1 Ne7 24. Qe4 Ned5 25. Nf3 Kh7 26. Ne5 Rc5 27. Nd3 Rc6 28. Nf4 f5 29. Qf3 Nxf4 30. Bxf4 e5 31. Be3 e4 32. Qe2 f4 33. Bd4 Bf6 34. Qb5 Bxd4 35. Rxd4 e3 36. Qxa5 Qe7 37. c4 Qh4 38. Re2 Qf6 39. Qc3 Qg5 40. Kf1 Qf5 41. a5 Nd7 42. Bc2 Qf7 43. Ba4 Rc7 44. Bxd7 Rxd7 45. Rxd7 Qxd7 46. fxe3 f3 47. Rd2 Qf5 48. g4 Qe6 49. Kf2 h5 50. Qd4 Re7 51. Rd1 Rf7 52. Rg1 Rd7 53. Qc3 Qe4 54. gxh5 Rd3 55. hxg6+ Kg8 56. Qc1 Kg7 57. Rg4 Qe6 58. Kxf3 Qc6+ 59. Ke2 Rd6 60. Qc3+ Kg8 61. Qe5 Qd7 62. Rd4 Rxd4 63. exd4 1-0

[Event "48th Indian U15-ch Girls 2023"]
[Site "Jalgaon"]
[Date "2023.12.31"]
[Round "7.9"]
[White "Alana Julieta Menezes Andrade"]
[Black "Krishika Garg"]
[Result "0-1"]
[ECO "B13"]
[WhiteElo "1218"]
[BlackElo "1529"]
[Annotator "NA RC"]
[PlyCount "106"]
[EventDate "2023.12.30"]
[EventType "swiss"]
[EventCountry "IND"]
[SourceTitle "playchess.com"]
[Source "ChessBase"]
[SourceQuality "1"]
[TimeControl "5400+30"]

1. e4 c6 2. d4 d5 3. exd5 cxd5 4. Bd3 Nc6 5. c3 Qc7 6. Nf3 Bg4 7. Be3 e6 8. Nbd2 Bd6 9. h3 Bh5 10. O-O Nge7 11. Rc1 O-O 12. Qc2 Bg6 13. Rfe1 Rfe8 14. Nh4 Bxd3 15. Qxd3 Rad8 16. Bg5 h6 17. Bxe7 Bxe7 18. Nhf3 Bf6 19. Nf1 Na5 20. Ne3 Nc4 21. Nxc4 dxc4 22. Qc2 Rd5 23. Re4 b5 24. Rce1 Red8 25. Rg4 Qd6 26. Nd2 e5 27. Ne4 Qb6 28. Nxf6+ Qxf6 29. Rge4 Qf5 30. Rd1 Kh7 31. Qe2 exd4 32. Rexd4 Rxd4 33. Rxd4 Rxd4 34. cxd4 Qb1+ 35. Kh2 Qd3 36. Qe3 Qxe3 37. fxe3 b4 38. d5 Kg6 39. d6 Kf6 40. e4 c3 41. bxc3 bxc3 42. e5+ Ke6 43. a4 c2 44. a5 c1=Q 45. a6 Qf4+ 46. Kg1 Qxe5 47. h4 Kxd6 48. h5 Kd5 49. g4 Qe2 50. g5 Ke4 51. g6 fxg6 52. hxg6 Kf3 53. Kh1 Qg2# 0-1

[Event "48th Indian U15-ch Girls 2023"]
[Site "Jalgaon"]
[Date "2023.12.31"]
[Round "7.10"]
[White "Asmita Avijit Ray"]
[Black "Magizhini M"]
[Result "1/2-1/2"]
[ECO "E69"]
[WhiteElo "1470"]
[BlackElo "1389"]
[Annotator "NA RC"]
[PlyCount "163"]
[EventDate "2023.12.30"]
[EventType "swiss"]
[EventCountry "IND"]
[SourceTitle "playchess.com"]
[Source "ChessBase"]
[SourceQuality "1"]
[TimeControl "5400+30"]

1. d4 Nf6 2. c4 g6 3. g3 Bg7 4. Bg2 O-O 5. Nc3 d6 6. Nf3 Nbd7 7. O-O e5 8. e4 c6 9. h3 Qc7 10. b3 Re8 11. Bb2 exd4 12. Nxd4 Nc5 13. Re1 a5 14. Qc2 Bd7 15. Rad1 Rad8 16. a3 h6 17. Rd2 Nh7 18. b4 Ne6 19. Nb3 axb4 20. axb4 Neg5 21. h4 Ne6 22. Red1 Bc8 23. b5 Nf6 24. Ba3 Bf8 25. Qb2 Ng4 26. Na4 c5 27. Qc2 b6 28. Bb2 Bg7 29. Nc3 Nf6 30. f4 Bb7 31. e5 dxe5 32. Nd5 Nxd5 33. cxd5 Nd4 34. Nxd4 exd4 35. Bxd4 Bxd4+ 36. Rxd4 Qd7 37. Re4 Rxe4 38. Bxe4 f5 39. Bd3 Qe7 40. Bc4 Qe3+ 41. Kh2 Kh7 42. Qd2 Qe4 43. Qa2 Ra8 44. Qb3 h5 45. Qc3 Re8 46. Ra1 Re7 47. Rd1 Re8 48. Qd3 Qe7 49. d6 Qd7 50. Bd5 Bxd5 51. Qxd5 Qxb5 52. Rg1 Re2+ 53. Kh3 Qb2 54. Rg2 Kg7 55. d7 Rxg2 56. Qxg2 Qd4 57. Qb7 Kh6 58. Qc8 Qa1 59. Qf8+ Kh7 60. Qe7+ Kh6 61. Kg2 Qb2+ 62. Kf3 Qb3+ 63. Kf2 Qb2+ 64. Kf1 Qb1+ 65. Kg2 Qa2+ 66. Kh3 Qa1 67. Qe2 Qh1+ 68. Qh2 Qd5 69. Qb2 Kh7 70. Kh2 Qxd7 71. Qxb6 Qe7 72. Qc6 Qe2+ 73. Kg1 Qe1+ 74. Kh2 Qe2+ 75. Kg1 c4 76. Qf6 Qe8 77. Kf2 Qd7 78. Ke1 Qd3 79. Qf7+ Kh6 80. Qf8+ Kh7 81. Qf7+ Kh6 82. Qf8+ 1/2-1/2

[Event "48th Indian U15-ch Girls 2023"]
[Site "Jalgaon"]
[Date "2024.01.01"]
[Round "8.1"]
[White "Shubhi Gupta"]
[Black "Bhat Sannidhi Ramakrishna"]
[Result "1-0"]
[ECO "B00"]
[WhiteElo "1902"]
[BlackElo "1637"]
[Annotator "RC"]
[PlyCount "95"]
[EventDate "2023.12.30"]
[EventType "swiss"]
[EventCountry "IND"]
[SourceTitle "playchess.com"]
[Source "ChessBase"]
[SourceQuality "1"]
[TimeControl "5400+30"]

1. d4 Nc6 2. d5 Nb8 3. e4 d6 4. Nc3 Nf6 5. h3 g6 6. Be3 Bg7 7. Be2 c6 8. Nf3 Nbd7 9. Qd2 h5 10. dxc6 bxc6 11. Bc4 O-O 12. Bh6 Nb6 13. Bb3 Ba6 14. g4 Nc4 15. Bxc4 Bxh6 16. Qxh6 Bxc4 17. Ng5 Qb6 18. Rb1 Qd4 19. gxh5 Rab8 20. Nd1 Rb5 21. Rg1 Rxg5 22. Qxg5 Qxe4+ 23. Qe3 Qd5 24. hxg6 fxg6 25. Nc3 Qf7 26. b3 Be6 27. Kd2 Nh5 28. Ne2 Bd5 29. Rbe1 Qg7 30. f4 e5 31. Ref1 exf4 32. Nxf4 Nxf4 33. Rxf4 Bf7 34. Rgf1 Re8 35. Re4 Rxe4 36. Qxe4 Bd5 37. Qe8+ Kh7 38. Rf4 Qh6 39. Qe7+ Kg8 40. Qxd6 Qg5 41. Kc3 Bf7 42. Qf6 Qg3+ 43. Kb2 Bd5 44. Qd8+ Kg7 45. Qe7+ Kh8 46. Qe5+ Kh7 47. Rf7+ Bxf7 48. Qxg3 1-0

[Event "48th Indian U15-ch Girls 2023"]
[Site "Jalgaon"]
[Date "2024.01.01"]
[Round "8.2"]
[White "Mrittika Mallick"]
[Black "Nivedita V C"]
[Result "1-0"]
[ECO "B00"]
[WhiteElo "1970"]
[BlackElo "1638"]
[Annotator "RC"]
[PlyCount "65"]
[EventDate "2023.12.30"]
[EventType "swiss"]
[EventCountry "IND"]
[SourceTitle "playchess.com"]
[Source "ChessBase"]
[SourceQuality "1"]
[TimeControl "5400+30"]

1. e4 b6 2. d4 Bb7 3. Nc3 e6 4. f3 d6 5. Be3 g6 6. Qd2 Bg7 7. h4 h5 8. O-O-O Nf6 9. Nh3 Nbd7 10. Bg5 Qe7 11. Bd3 O-O-O 12. Qe2 e5 13. Nd5 Qe8 14. Bb5 Nxd5 15. Bxd8 Qxd8 16. exd5 exd4 17. Bc6 Bxc6 18. dxc6 Nb8 19. Qc4 d5 20. Qa4 a6 21. Ng5 Qd6 22. Kb1 Rf8 23. Rhe1 Qxc6 24. Qa3 Kb7 25. Re7 Bf6 26. Rxc7+ Qxc7 27. Qxf8 d3 28. cxd3 Qe5 29. Qxf7+ Ka8 30. d4 Qf5+ 31. Ka1 Qc2 32. Qxd5+ Ka7 33. Qb3 1-0

[Event "48th Indian U15-ch Girls 2023"]
[Site "Jalgaon"]
[Date "2024.01.01"]
[Round "8.3"]
[White "Sachi Jain"]
[Black "Kirthika B"]
[Result "1-0"]
[ECO "B90"]
[WhiteElo "1844"]
[BlackElo "1605"]
[Annotator "NA RC COMBH"]
[PlyCount "69"]
[EventDate "2023.12.30"]
[EventType "swiss"]
[EventCountry "IND"]
[SourceTitle "playchess.com"]
[Source "ChessBase"]
[SourceQuality "1"]
[TimeControl "5400+30"]

1. e4 c5 2. Nf3 d6 3. d4 cxd4 4. Nxd4 Nf6 5. Nc3 a6 6. Nb3 e6 7. g4 b5 8. Bg2 Bb7 9. g5 Nfd7 10. f4 Be7 11. Be3 Nb6 12. Qd4 Nc4 13. Qxg7 Nxe3 14. Qxh8+ Kd7 15. Qxd8+ Bxd8 16. Kf2 Nxg2 17. Kxg2 b4 18. Rhd1 bxc3 19. Nc5+ Kc7 20. Nxb7 Kxb7 21. bxc3 Kc6 22. Rd3 Nd7 23. e5 d5 24. Rad1 ({White should play} 24. c4 $1 $16 ) 24... Bb6 25. c4 d4 26. c3 $16 Nc5 27. Rxd4 Bc7 28. Kf3 Rb8 29. Kg4 Rb2 30. R4d2 Rb8 31. Kh5 Rg8 32. Kh6 Ne4 33. Kxh7 Rg6 34. Rd7 Nxc3 35. Rxf7 1-0

[Event "48th Indian U15-ch Girls 2023"]
[Site "Jalgaon"]
[Date "2024.01.01"]
[Round "8.4"]
[White "Saparya Ghosh"]
[Black "Sneha Halder"]
[Result "1/2-1/2"]
[ECO "E43"]
[WhiteElo "1662"]
[BlackElo "1766"]
[Annotator "NA RC COMBH"]
[PlyCount "141"]
[EventDate "2023.12.30"]
[EventType "swiss"]
[EventCountry "IND"]
[SourceTitle "playchess.com"]
[Source "ChessBase"]
[SourceQuality "1"]
[TimeControl "5400+30"]

1. d4 Nf6 2. c4 e6 3. Nc3 Bb4 4. e3 b6 5. Bd3 Bb7 6. Nf3 Ne4 7. Qc2 f5 8. a3 Bxc3+ 9. bxc3 d6 10. O-O O-O 11. Nd2 Nxd2 12. Bxd2 Nd7 13. f3 Qf6 14. e4 e5 15. exf5 exd4 16. Rae1 Nc5 17. g4 Ba6 18. Rf2 d5 19. g5 Qf7 20. f6 Nxd3 21. Qxd3 Bxc4 22. Qxd4 Rae8 23. Rg2 Rxe1+ 24. Bxe1 Re8 25. Bd2 c5 26. Qf4 Qg6 27. h4 Rf8 28. Qd6 Qf7 29. fxg7 Re8 30. g6 hxg6 31. h5 Qe6 32. Qf4 gxh5 33. Qg5 Bd3 34. Qxh5 Bh7 35. f4 Re7 36. Qg5 Qd7 37. c4 d4 38. f5 Rxg7 39. Qxg7+ Qxg7 40. Rxg7+ Kxg7 41. Bf4 Kf6 42. Bb8 Kxf5 43. Bxa7 Ke5 44. Kf2 Kd6 45. Bxb6 Kc6 46. Bd8 Bd3 47. Ke1 Bxc4 48. a4 Ba6 49. Kd2 c4 50. Ba5 Kc5 51. Kc2 Bb7 52. Bd2 Bc6 53. a5 Kb5 54. Be1 Kc5 55. Bd2 Kd5 56. Bb4 Ke4 57. Kd2 Bb5 58. a6 Bxa6 59. Ba5 Bb5 60. Bb4 Ba4 61. Ba5 Kd5 62. Bb4 Kc6 63. Ba3 Kb5 64. Bb2 Kc5 65. Ba3+ Kd5 66. Bb2 Ke4 67. Ba1 Bd7 68. Bb2 Kd5 69. Ba1 Bg4 70. Bb2 Kc5 71. Ba1 1/2-1/2

[Event "48th Indian U15-ch Girls 2023"]
[Site "Jalgaon"]
[Date "2024.01.01"]
[Round "8.5"]
[White "Arshiya Das"]
[Black "Akshaya Sathi"]
[Result "0-1"]
[ECO "B93"]
[WhiteElo "1729"]
[BlackElo "1542"]
[Annotator "NA RC COMBH"]
[PlyCount "96"]
[EventDate "2023.12.30"]
[EventType "swiss"]
[EventCountry "IND"]
[SourceTitle "playchess.com"]
[Source "ChessBase"]
[SourceQuality "1"]
[TimeControl "5400+30"]

1. e4 c5 2. Nf3 d6 3. d4 cxd4 4. Nxd4 Nf6 5. Nc3 a6 6. f4 e5 7. Nf3 Nbd7 8. a4 Qc7 9. Bd3 Be7 10. O-O O-O 11. Kh1 Nc5 12. Qe1 Re8 13. fxe5 dxe5 14. Qg3 Be6 15. Ng5 Nxd3 16. Nxe6 fxe6 17. cxd3 Rf8 18. Bh6 Bc5 19. Bg5 Be7 20. Qh3 Qd6 21. Rad1 Rac8 22. Bh4 Nd7 23. Rxf8+ Rxf8 24. Bxe7 Qxe7 25. Qe3 Qc5 26. Qe1 Qf2 27. b4 Qc2 28. Kg1 Nb8 29. d4 exd4 30. Rxd4 Nc6 31. Rd1 Nxb4 32. h3 Rc8 33. Qg3 h6 34. Qd6 Qxc3 35. Qxe6+ Kh8 36. Rf1 Qc6 37. Qg4 Rd8 38. h4 Qc5+ 39. Kh2 Qe5+ 40. Kh3 Re8 41. Rf5 Qe7 42. Kh2 Nc6 43. h5 Nd4 44. Rf4 Qe5 45. Kh1 Ne2 46. Rf2 Qa1+ 47. Kh2 Qg1+ 48. Kh3 Qh1# 0-1

[Event "48th Indian U15-ch Girls 2023"]
[Site "Jalgaon"]
[Date "2024.01.01"]
[Round "8.6"]
[White "Krishika Garg"]
[Black "Sherali Pattnaik"]
[Result "0-1"]
[ECO "C11"]
[WhiteElo "1529"]
[BlackElo "1575"]
[Annotator "NA RC COMBH"]
[PlyCount "108"]
[EventDate "2023.12.30"]
[EventType "swiss"]
[EventCountry "IND"]
[SourceTitle "playchess.com"]
[Source "ChessBase"]
[SourceQuality "1"]
[TimeControl "5400+30"]

1. e4 e6 2. Nf3 d5 3. Nc3 Nf6 4. e5 Nfd7 5. d4 c5 6. dxc5 Bxc5 7. Bd3 Nc6 8. Bf4 f6 9. Qe2 fxe5 10. Nxe5 Ndxe5 11. Bxe5 Nxe5 12. Qxe5 Qf6 13. Qxf6 gxf6 14. Na4 Bd6 15. O-O-O Bd7 16. Nc3 Rc8 17. Kb1 Kf7 18. Rhf1 h5 19. f4 Bc6 20. Be2 f5 21. Nb5 Bxb5 22. Bxb5 h4 23. c4 a6 24. c5 Bxc5 25. Bd3 Be7 26. Rc1 Bd6 27. Rxc8 Rxc8 28. g3 hxg3 29. hxg3 Bb4 30. Rh1 Rg8 31. Rh7+ Rg7 32. Rxg7+ Kxg7 33. Be2 Be1 34. g4 fxg4 35. Bxg4 Kf6 36. Kc2 Bg3 37. f5 e5 38. Kd3 Bf2 39. Ke2 Bc5 40. b3 e4 41. Bh3 d4 42. Bg4 Bf8 43. Kd2 Bh6+ 44. Kc2 Kg5 45. Bh3 Kf6 46. Bg4 d3+ 47. Kd1 Ke5 48. Bh3 Kd4 49. Bg2 e3 50. Bf3 e2+ 51. Ke1 Ke3 52. Bxe2 dxe2 53. f6 Bf8 54. a3 Bxa3 0-1

[Event "48th Indian U15-ch Girls 2023"]
[Site "Jalgaon"]
[Date "2024.01.01"]
[Round "8.7"]
[White "Ananya Raman"]
[Black "Aamuktha Guntaka"]
[Result "0-1"]
[ECO "B45"]
[WhiteElo "1505"]
[BlackElo "1532"]
[Annotator "NA RC COMBH"]
[PlyCount "130"]
[EventDate "2023.12.30"]
[EventType "swiss"]
[EventCountry "IND"]
[SourceTitle "playchess.com"]
[Source "ChessBase"]
[SourceQuality "1"]
[TimeControl "5400+30"]

1. e4 c5 2. Nf3 e6 3. d4 cxd4 4. Nxd4 Nf6 5. Nc3 Nc6 6. Ndb5 Bc5 7. Bf4 O-O 8. Bc7 Qe7 9. Bd6 Bxd6 10. Nxd6 a6 11. Na4 Qd8 12. c4 Ne8 13. Nc3 Qb6 14. Rb1 Ne7 15. Nxe8 Rxe8 16. Be2 d5 17. e5 d4 18. Ne4 Qa5+ 19. Nd2 Qxe5 20. O-O Rd8 21. Nf3 Qc7 22. Bd3 e5 23. Re1 Nc6 24. Be4 f6 25. Bd5+ Kh8 26. Nh4 Ne7 27. Qh5 Qd7 28. Re4 Nxd5 29. cxd5 Qe8 30. Qe2 g5 31. Nf3 Bf5 32. Nxg5 Bxe4 33. Nxe4 Qg6 34. Rc1 Rac8 35. Rxc8 Rxc8 36. h3 f5 37. Nd2 e4 38. Nb3 Qd6 39. Qd2 d3 40. Qa5 Rc2 41. Qa4 b5 42. Qd4+ Kg8 43. g3 Rc7 44. g4 Rg7 45. Kh1 Rd7 46. gxf5 Qxd5 47. Qe3 Qxf5 48. Nd2 Rg7 49. Nxe4 Qg6 50. Ng3 Rd7 51. Qd2 Qc6+ 52. Kh2 Qd5 53. b3 Rc7 54. Qd1 Qd7 55. Ne4 Qd8 56. Qg4+ Rg7 57. Qd1 Qd4 58. Qf3 Qe5+ 59. Ng3 d2 60. Qa8+ Kf7 61. Qb7+ Ke6 62. Qc8+ Kd6 63. Qd8+ Rd7 64. Qf8+ Kc7 65. Qb4 d1=Q 0-1

[Event "48th Indian U15-ch Girls 2023"]
[Site "Jalgaon"]
[Date "2024.01.01"]
[Round "8.8"]
[White "Rajanya Datta"]
[Black "Dhakshniga, T."]
[Result "0-1"]
[ECO "C44"]
[WhiteElo "1688"]
[BlackElo "1416"]
[Annotator "NA RC COMBH"]
[PlyCount "126"]
[EventDate "2023.12.30"]
[EventType "swiss"]
[EventCountry "IND"]
[SourceTitle "playchess.com"]
[Source "ChessBase"]
[SourceQuality "1"]
[TimeControl "5400+30"]

1. e4 e5 2. Nf3 Nc6 3. c3 Nf6 4. d4 Nxe4 5. Bd3 d5 6. Nxe5 Nxe5 7. dxe5 Bc5 8. Bxe4 Qh4 9. Qe2 Qxe4 10. Qxe4 dxe4 11. Bf4 Bf5 12. Nd2 O-O-O 13. O-O-O Bxf2 14. Rhf1 e3 15. Bxe3 Bxe3 16. Rxf5 Rxd2 17. Rxd2 Rd8 18. Rff2 Rd5 19. Kc2 Bxd2 20. Rxd2 Rxe5 21. b4 c6 22. a4 Kc7 23. Kb3 Re4 24. a5 f5 25. Kc2 g6 26. Kb3 f4 27. Kc2 Re3 28. Kb3 g5 29. Kc4 b5+ 30. Kd4 Kd6 31. Rc2 Re1 32. Rd2 h5 33. Rf2 Rd1+ 34. Ke4 Ke6 35. h4 Kf6 36. g3 Kg6 37. gxf4 g4 38. Re2 Kf6 39. Re3 Rh1 40. Re2 Rxh4 41. Rd2 Ke7 42. Rg2 Rh3 43. Rc2 g3 44. Kf3 Rh2 45. Rc1 h4 46. Re1+ Kf7 47. Rd1 Rf2+ 48. Kg4 Rh2 49. Kf3 g2 50. Kf2 h3 51. Rd7+ Ke6 52. Rxa7 Rh1 53. Rg7 Rf1+ 54. Ke2 g1=Q 55. Rxg1 Rxg1 56. f5+ Kxf5 57. a6 Ra1 58. a7 Rxa7 59. c4 h2 60. Kf2 h1=Q 61. c5 Ra2+ 62. Kg3 Rg2+ 63. Kf3 Qh3# 0-1

[Event "48th Indian U15-ch Girls 2023"]
[Site "Jalgaon"]
[Date "2024.01.01"]
[Round "8.9"]
[White "Magizhini M"]
[Black "Anupam M Sreekumar"]
[Result "0-1"]
[ECO "B43"]
[WhiteElo "1389"]
[BlackElo "1642"]
[Annotator "NA RC COMBH"]
[PlyCount "82"]
[EventDate "2023.12.30"]
[EventType "swiss"]
[EventCountry "IND"]
[SourceTitle "playchess.com"]
[Source "ChessBase"]
[SourceQuality "1"]
[TimeControl "5400+30"]

1. e4 c5 2. Nf3 e6 3. d4 cxd4 4. Nxd4 a6 5. Nc3 b5 6. Be3 Bb7 7. f3 Qc7 8. Bd3 Nf6 9. a3 Bc5 10. Qd2 O-O 11. Nb3 Bxe3 12. Qxe3 d6 13. O-O-O Nc6 14. Na2 Ne5 15. g4 d5 16. g5 Nfd7 17. Nc3 Nxd3+ 18. Qxd3 Ne5 19. Qe2 dxe4 20. Nxe4 Rac8 21. Rhf1 Bd5 22. Nd4 Bc4 23. Qe3 Bxf1 24. Rxf1 Nc4 25. Qe2 Qf4+ 26. Kb1 Rfd8 27. Nb3 a5 28. Rg1 a4 29. Nbc5 Nd2+ 30. Ka1 Qxf3 31. Qe1 Nxe4 32. Nxe4 Rxc2 33. Nc3 b4 34. Rg3 Qf4 35. Qb1 Rc1 36. axb4 Rxb1+ 37. Kxb1 Qxb4 38. Ka2 Rd2 39. Nxa4 Qxa4+ 40. Ra3 Qc4+ 41. Rb3 Rd3 0-1

[Event "48th Indian U15-ch Girls 2023"]
[Site "Jalgaon"]
[Date "2024.01.01"]
[Round "8.10"]
[White "Sahana, Shainsha"]
[Black "Drishtee Ghosh"]
[Result "0-1"]
[ECO "A19"]
[WhiteElo "1300"]
[BlackElo "1605"]
[Annotator "NA RC COMBH"]
[PlyCount "162"]
[EventDate "2023.12.30"]
[EventType "swiss"]
[EventCountry "IND"]
[SourceTitle "playchess.com"]
[Source "ChessBase"]
[SourceQuality "1"]
[TimeControl "5400+30"]

1. c4 c5 2. Nc3 Nf6 3. g3 e6 4. e4 d5 5. exd5 exd5 6. cxd5 Nxd5 7. d4 Nxc3 8. bxc3 cxd4 9. Qxd4 Be7 10. Qxd8+ Bxd8 11. Bg2 O-O 12. Be3 Nd7 13. Ne2 Bb6 14. Bd4 Re8 15. f4 Bxd4 16. cxd4 Nf6 17. h3 Ne4 18. O-O Bd7 19. Kh2 Rad8 20. Rfe1 Bc6 21. Rac1 Kf8 22. g4 Re7 23. Ng3 Nxg3 24. Rxe7 Kxe7 25. Bxc6 Nf1+ 26. Kg1 bxc6 27. Kxf1 Rxd4 28. Rxc6 Rxf4+ 29. Ke2 Ra4 30. Rc2 Kf6 31. Kf3 g6 32. h4 h6 33. Re2 Ra3+ 34. Kg2 Ra5 35. Kf3 h5 36. g5+ Kf5 37. Kg3 Ra3+ 38. Kg2 Rd3 39. Kh2 a6 40. Kg2 Rd4 41. Kg3 Rd3+ 42. Kg2 a5 43. Rc2 Rd5 44. Kf3 Rd3+ 45. Kg2 Ke6 46. Rb2 Rd5 47. Rb6+ Ke7 48. Rb7+ Rd7 49. Rb2 Kd8 50. Kf3 Rd5 51. Rb3 Kc7 52. Ke4 Rf5 53. a4 Rf1 54. Rb5 Rh1 55. Rxa5 Rxh4+ 56. Ke5 Kb6 57. Ra8 Rg4 58. Kf6 Rf4+ 59. Kg7 Rf5 60. Rh8 Rxg5 61. Kxf7 Rg4 62. Kf6 h4 63. Ke5 Rxa4 64. Rh6 Rg4 65. Kd5 Kb5 66. Rh8 Kb4 67. Ke5 Kc3 68. Rc8+ Kd2 69. Rh8 Ke3 70. Ra8 g5 71. Ra3+ Kf2 72. Kf5 Rg3 73. Ra2+ Kg1 74. Ra1+ Kh2 75. Ra2+ Rg2 76. Ra1 g4 77. Kf4 g3 78. Kg4 h3 79. Ra3 Rf2 80. Kh4 Rf4+ 81. Kg5 g2 0-1

[Event "48th Indian U15-ch Girls 2023"]
[Site "Jalgaon"]
[Date "2024.01.02"]
[Round "9.1"]
[White "Mrittika Mallick"]
[Black "Shubhi Gupta"]
[Result "1-0"]
[ECO "C54"]
[WhiteElo "1970"]
[BlackElo "1902"]
[Annotator "RC"]
[PlyCount "65"]
[EventDate "2023.12.30"]
[EventType "swiss"]
[EventCountry "IND"]
[SourceTitle "playchess.com"]
[Source "ChessBase"]
[SourceQuality "1"]
[TimeControl "5400+30"]

1. e4 e5 2. Nf3 Nc6 3. Bc4 Bc5 4. O-O Nf6 5. d3 d6 6. c3 O-O 7. a4 a5 8. Bg5 h6 9. Bh4 g5 10. Bg3 Bb6 11. Nbd2 Nh7 12. Bb3 h5 13. h4 g4 14. Nh2 Ne7 15. Nc4 Ba7 16. d4 exd4 17. cxd4 Ng6 18. Qd2 Kg7 19. Qxa5 Be6 20. Qc3 Bxc4 21. Qxc4 Nxh4 22. f3 Ng6 23. fxg4 Qg5 24. Rf5 Qe3+ 25. Bf2 Qxe4 26. Rxf7+ Rxf7 27. Qxf7+ Kh8 28. Re1 Qd3 29. gxh5 Rf8 30. Qxg6 Qxb3 31. Re7 Qg8 32. Ng4 Rc8 33. Nh6 1-0

[Event "48th Indian U15-ch Girls 2023"]
[Site "Jalgaon"]
[Date "2024.01.02"]
[Round "9.2"]
[White "Sherali Pattnaik"]
[Black "Bhat Sannidhi Ramakrishna"]
[Result "1/2-1/2"]
[ECO "B01"]
[WhiteElo "1575"]
[BlackElo "1637"]
[Annotator "NA RC"]
[PlyCount "126"]
[EventDate "2023.12.30"]
[EventType "swiss"]
[EventCountry "IND"]
[SourceTitle "playchess.com"]
[Source "ChessBase"]
[SourceQuality "1"]
[TimeControl "5400+30"]

1. e4 d5 2. exd5 Qxd5 3. Nc3 Qa5 4. d4 Nf6 5. Nf3 Bf5 6. Bc4 e6 7. Bd2 Bb4 8. a3 Bxc3 9. Bxc3 Qb6 10. b3 O-O 11. O-O Rd8 12. Qe2 Nc6 13. Rad1 Bg4 14. h3 Bh5 15. g4 Bg6 16. Bb2 Nd5 17. Nh4 Na5 18. Bxd5 exd5 19. Nxg6 Qxg6 20. Qd3 Qxd3 21. Rxd3 Re8 22. Bc3 Nc6 23. Re1 Rxe1+ 24. Bxe1 Re8 25. Kf1 Re4 26. Bc3 Ne7 27. f3 Re6 28. Kf2 f5 29. Re3 Kf7 30. Bb4 Nc6 31. Bc3 Rh6 32. Kg2 Rf6 33. Re2 fxg4 34. fxg4 Rf4 35. Rf2 Rxf2+ 36. Kxf2 g5 37. Ke3 Ne7 38. Be1 Ng8 39. Bg3 c6 40. Be5 Ke6 41. Kf3 Ne7 42. Ke3 Ng6 43. Bb8 a6 44. Bg3 Nf8 45. Bc7 Nd7 46. Bd8 h6 47. Bc7 Kf7 48. Bd8 Nf8 49. Bc7 Ne6 50. Be5 Kg6 51. Kd3 Kf7 52. Ke3 Nf8 53. Bc7 Nd7 54. Bd8 Kg6 55. Kf3 Nf8 56. Bc7 Ne6 57. Be5 Nd8 58. Ke3 Nf7 59. Bc7 Kf6 60. Bg3 Ke6 61. Bc7 Nh8 62. Be5 Nf7 63. Bc7 Kd7 1/2-1/2